woodfighter, chaotic female elven Rogue --------- |......<| ----------- ##########uuf@s##############f#......... #..........| # |.......| #|.....)...-## +.......| #|........)| ------------- --------- #|..>.......# |`.........`+ #-----------# |.....`.....| #### ### |...-----...| # ###########|...|.{.|...| # # ##% |..`|{.{|`..| # ### # |...|.{.|...| # # ### |...--.--...| % ### # |.....`.....| # # ##.`...%.....`| ------------### ------------- |...........# |..........| ------------ woodfighter the Rogue Experience level: 7 Strength: 18 Dexterity: 19 Constitution: 14 Intelligence: 8 Wisdom: 8 Charisma: 9 Health: 0(46) Energy: 31(31) Def: 3 Gold: 0 Moves: 4144 Dungeon seed: WBpREhHmH00zIulA Game ID: woodfighter_1515098296 Your Inventory: Amulets l - an uncursed amulet versus poison (being worn) L - an uncursed amulet of ESP Weapons a - a blessed +0 elven short sword (weapon in hand) b - 14 +0 elven daggers (in quiver) Armor e - an uncursed +1 leather armor (being worn) n - an uncursed +0 mummy wrapping q - an uncursed +0 mummy wrapping r - a cursed -1 pair of low boots Comestibles d - an uncursed tripe ration K - an uncursed cram ration O - 3 uncursed food rations Potions R - an uncursed potion of oil Tools c - a blessed brass lantern (0:1490) g - an uncursed blindfold s - an uncursed sack x - an uncursed towel y - an uncursed lock pick Contents of the sack: 1329 gold pieces a [blessed] scroll of confuse monster a [uncursed] scroll of enchant armor a [uncursed] scroll of enchant weapon a [uncursed] scroll of fire a [blessed] scroll of gold detection a [uncursed] scroll of light a [uncursed] scroll of punishment a [uncursed] scroll of scare monster a [uncursed] scroll of water a [uncursed] potion of booze a [uncursed] potion of confusion 3 [uncursed] potions of hallucination a [uncursed] potion of healing a potion of holy water a [uncursed] potion of see invisible an uncursed potion of sickness a [uncursed] ring of invisibility a [uncursed] ring of poison resistance a [cursed] ring of polymorph a [cursed] [-1] ring of stealth an uncursed wand of enlightenment [0:10] an uncursed wand of enlightenment [0:11] an uncursed wand of enlightenment [0:13] a wand of opening (0:3) Spells and supernatural/magical abilities: Name Level Category Fail Memory W - pray for help -- divine ? -- Your skills at the end: Miscellaneous Skills wands [Basic] Weapon Skills dagger [Basic] short sword [Basic] Spellcasting Skills Final Attributes: You were piously aligned. You were fire resistant. You were sleep resistant. You were shock resistant. You were poison resistant. You had infravision. You were stealthy. You were lucky. You are dead. Vanquished creatures: an elf mummy a lynx a leprechaun an iron piercer an orc mummy 2 brown puddings a baby crocodile 3 rock piercers a shrieker 2 gnome lords a guardian naga hatchling a gray ooze a puppy a floating eye a kobold lord 6 rothes 2 rabid rats a centipede 2 jitterbugs a giant bat 2 werejackals 11 killer bees 3 coyotes 2 hobbits an acid blob a large kobold 6 geckos 2 hobgoblins 3 yellow molds a green mold 8 jackals a fox 6 newts 3 goblins 7 grid bugs 6 lichens 2 kobold zombies 96 creatures vanquished. Voluntary challenges: You did not cause conflict. You were not invisible. You did not have reflection. You were not displaced. You had been an atheist until turn 2361. You used a wielded weapon 121 times, starting on turn 39. You did not apply a unicorn horn. You did not use plumbed fixtures. You did not drink any magical draughts. You read items or engraved 1 time, starting on turn 720. You never genocided any monsters. You never polymorphed an object. You never changed form. You used no wishes. You never split a pudding. You never wrote Elbereth's name. You never violated your personal moral code. Dungeon overview: The Dungeons of Doom: levels 1 to 10 Level 1 a long staircase Level 2 a fountain Level 3 a wand shop, a fountain stairs to The Gnomish Mines Level 4 a potion shop, some fountains Level 5 an altar to Mog, a fountain Level 6 Level 7 some fountains Level 8 Level 9 <- You were here many fountains Level 10 The Gnomish Mines: Level 4 stairs to The Dungeons of Doom History has recorded: On T:1 you entered the Dungeons of Doom to retrieve the Amulet of Yendor! On T:333 you reached level 2 of The Dungeons of Doom. On T:814 you advanced to experience level 2. On T:866 you reached level 3 of The Dungeons of Doom. On T:1095 you reached level 1 of The Gnomish Mines. On T:1129 you reached level 4 of The Dungeons of Doom. On T:1208 you advanced to experience level 3. On T:1407 you advanced to experience level 4. On T:1887 you reached level 5 of The Dungeons of Doom. On T:1977 you reached level 6 of The Dungeons of Doom. On T:2620 you advanced to experience level 5. On T:2686 you reached level 7 of The Dungeons of Doom. On T:2698 you advanced to experience level 6. On T:3236 you reached level 8 of The Dungeons of Doom. On T:3386 you reached level 9 of The Dungeons of Doom. On T:3427 you advanced to experience level 7. On T:3854 you reached level 10 of The Dungeons of Doom. On T:3882 you prayed to Kos. Score breakdown: Gold: 1329 ( 132 points) Experience: 7 levels ( 600 points) Exploration: 10 levels ( 270 points) Discoveries: 25 items ( 1250 points) Variety of kills: 37 monsters ( 1850 points) Major goal: (nothing yet) ( 0 points) Survival: died (score multiplied by 3) Total score: 12306 Latest messages: The elven dagger hits the guardian naga hatchling! You kill the guardian naga hatchling! You stab the giant bat! The giant bat bites! (2x) You kill the giant bat! b - 5 +0 elven daggers (in quiver). There are a few more objects here. The giant spider bites! The giant spider moves its spinnerets around you. The web sticks you to the ground. The giant spider bites! The giant spider moves its spinnerets around you. The giant spider bites! The giant spider moves its spinnerets around you. You stab the giant spider! The giant spider bites! The giant spider moves its spinnerets around you. You stab the giant spider! The giant spider bites! The giant spider moves its spinnerets around you. The giant spider bites! The giant spider moves its spinnerets around you. The giant spider bites! The giant spider moves its spinnerets around you. You are stuck to the web. The giant spider bites! You die... Final status: Goodbye woodfighter the Rogue, killed by a giant spider... You died in The Dungeons of Doom on dungeon level 9 with 12306 points, and 1329 pieces of gold, after 4144 moves. You were level 7 with a maximum of 46 hit points when you died.